 Dungeon Crawl Stone Soup version 0.20.1-1-g8b1a95d (webtiles) character file.

1990 McKennaii the Zephyrmancer (level 9, -12/47 HPs)
             Began as a Tengu Air Elementalist on Aug 3, 2017.
             Killed from afar by Erica (28 damage)
             ... with a bolt of poison
             ... on level 8 of the Dungeon.
             The game lasted 00:19:47 (8477 turns).

McKennaii the Zephyrmancer (Tengu Air Elementalist) Turns: 8477, Time: 00:19:48

Health: -12/47     AC:  7    Str:  8    XL:     9   Next: 21%
Magic:  1/19       EV: 10    Int: 26    God:
Gold:   225        SH:  4    Dex: 10    Spells: 12/20 levels left

rFire    . . .     SeeInvis .   E - staff of cold
rCold    + . .     Gourm    .   (no shield)
rNeg     . . .     Faith    .   F - +1 ring mail of Owku {+Blink Int+6 Dex-4}
rPois    .         Spirit   .   (helmet restricted)
rElec    .         Reflect  +   v - +0 cloak
rCorr    +         Harm     .   (no gloves)
MR       +....                  (boots unavailable)
Stlth    +.........             q - +4 amulet of reflection
Regen    0.2/turn               d - ring of protection from magic (curse)
MPRegen  0.2/turn               y - ring of the Firefly {rCorr +Fly}

@: lethally poisoned (-12 -> -26), very slightly contaminated, slowed,
invisible, very slow
A: beak, talons 3, able to fly 1
a: Fly, Evoke Blink, Evoke Flight


You were on level 8 of the Dungeon.
You were not hungry.

You visited 2 branches of the dungeon, and saw 9 of its levels.

You collected 369 gold pieces.
You spent 144 gold pieces at shops.

Inventory:

Armour
 a - a +0 robe
 v - a +0 cloak (worn)
 F - the +1 ring mail of Owku (worn) {+Blink Int+6 Dex-4}
   (You found it on level 7 of the Dungeon)

   It affects your intelligence (+6).
   It affects your dexterity (-4).
   It lets you blink.
Magical Staves
 E - an uncursed staff of cold (weapon)
Jewellery
 d - a cursed ring of protection from magic (left hand)
 q - a +4 amulet of reflection (around neck)
 y - the ring of the Firefly (right hand) {rCorr +Fly}
   (You found it on level 6 of the Dungeon)

   [ring of resist corrosion]

   It lets you fly.
Wands
 B - a wand of digging (2/24)
Scrolls
 h - a scroll of magic mapping
 j - 5 scrolls of identify
 k - 3 scrolls of noise {unknown}
 l - 3 scrolls of recharging {unknown}
 m - a scroll of enchant armour {unknown}
 n - 7 scrolls of remove curse
 p - a scroll of fog {unknown}
 r - 2 scrolls of amnesia {unknown}
 s - a scroll of blinking
 t - a scroll of teleportation {unknown}
 D - a scroll of brand weapon {unknown}
Potions
 e - 3 potions of cancellation
 g - a potion of lignification
 u - a potion of curing
 w - a potion of magic
 x - a potion of heal wounds
Books
 b - a book of Air

   Spells                             Type                      Level
   a - Shock                          Conjuration/Air              1
   b - Swiftness                      Charms/Air                   2
   c - Static Discharge               Conjuration/Air              3
   d - Airstrike                      Air                          4
   e - Lightning Bolt                 Conjuration/Air              5
 o - a book of Misfortune

   Spells                             Type                      Level
   a - Confusing Touch                Hexes                        1
   b - Confuse                        Hexes                        3
   c - Gell's Gravitas                Translocation                3
   d - Petrify                        Transmutation/Earth          4
   e - Metabolic Englaciation         Hexes/Ice                    5
   f - Yara's Violent Unravelling     Hexes/Transmutation          5
 A - a book of Frost

   Spells                             Type                      Level
   a - Freeze                         Ice                          1
   b - Throw Frost                    Conjuration/Ice              2
   c - Ozocubu's Armour               Charms/Ice                   3
   d - Throw Icicle                   Conjuration/Ice              4
   e - Summon Ice Beast               Ice/Summoning                4
Comestibles
 c - 3 bread rations
 f - 4 fruits
 C - 2 royal jellies


   Skills:
 + Level 1.3 Fighting
 + Level 3.2 Dodging
 + Level 2.8 Stealth
 + Level 6.1 Spellcasting
 + Level 6.9 Conjurations
 * Level 10.5 Air Magic
 + Level 0.8 Evocations


You had 12 spell levels left.
You knew the following spells:

 Your Spells              Type           Power        Failure   Level  Hunger
a - Shock                 Conj/Air       ####         1%          1    None
b - Swiftness             Chrm/Air       #####...     3%          2    None
c - Lightning Bolt        Conj/Air       ######....   16%         5    #####..


Dungeon Overview and Level Annotations

Branches:
Dungeon (8/15)             Temple (1/1) D:7
   Lair: D:8-11

Altars:
Cheibriados
Dithmenos
Elyvilon
Fedhas
Gozag
Hepliaklqana
Kikubaaqudgha
Makhleb
Nemelex Xobeh
Okawaru
Qazlal
Ru
Sif Muna
Uskayaw
Xom
Yredelemnul
Zin
The Shining One

Shops:
D:4 *[   D:6 (

Annotations:
D:8 Erica


Innate Abilities, Weirdness & Mutations

You have a beak for a mouth.
You have claws for feet.
You can fly.


Message History

Erica is heavily wounded.
Erica hits you but does no damage.
Unknown command.
You hit Erica.
Erica is heavily wounded.
Erica hits you but does no damage.
Erica hits you with a scimitar of flaming.
Erica burns you.
A wolf comes into view.
Unknown command.
You closely miss Erica.
Erica is heavily wounded.
You feel less wooden.
Your +0 cloak unmelds from your body.
The +1 ring mail of Owku {+Blink Int+6 Dex-4} unmelds from your body.
Erica gestures at you while chanting. The bolt of poison hits you!
You are poisoned.
Ouch! That really hurt!
You die...

#.. ..##... ##....# .. #...
##.....# ##.# #..# ##......#
#..# #..# .......####.# #..#
##. #......##h.# #..#####...
..###.........# #..##......
...........@@.####..........
....................####.._.
.#######..####.....## ....
##<.# #......# .... #..#
#......## ###. #..#
#.......### . ##.#
#........... ..
#............
..#.......###..#


You could see Erica and a wolf.

Vanquished Creatures
  Grinder (D:6)
  An orc warrior (D:7)
  2 sky beasts (D:6)
  5 ogres
  A centaur (D:5)
  2 bullfrogs (D:6)
  6 killer bees
  A crimson imp (D:4)
  An orc priest (D:3)
  3 hounds
  A jelly (D:7)
  Jessica (D:2)
  2 orc wizards
  5 worker ants
  A worker ant zombie (D:7)
  3 gnolls (D:2)
  5 adders
  A shadow imp (D:2)
  An ooze (D:7)
  An adder skeleton (D:4)
  4 worms (D:2)
  A dart slug (D:1)
  6 leopard geckos
  16 orcs
  5 giant cockroaches
  9 goblins
  6 hobgoblins
  13 jackals
  5 kobolds
  5 quokkas
  2 ball pythons
  4 bats
  4 frilled lizards
  2 goblin zombies (D:4)
  3 hobgoblin zombies (D:4)
  A kobold skeleton (D:4)
  A leopard gecko skeleton (D:4)
  A quokka skeleton (D:5)
  2 quokka zombies (D:7)
  5 rats
139 creatures vanquished.

Notes
Turn   | Place    | Note
-------+----------+-------------------------------------------
     0 | D:1      | McKennaii the Tengu Air Elementalist began the quest for the Orb.
     0 | D:1      | Reached XP level 1. HP: 10/10 MP: 4/4
   122 | D:1      | Reached XP level 2. HP: 12/15 MP: 1/6
   954 | D:2      | Reached skill level 5 in Air Magic
   954 | D:2      | Reached XP level 3. HP: 19/19 MP: 0/7
  1183 | D:2      | Noticed Jessica
  1186 | D:2      | Killed Jessica
  1186 | D:2      | Reached XP level 4. HP: 24/24 MP: 3/9
  1295 | D:2      | Found a shadowy altar of Dithmenos.
  1602 | D:2      | Gained mutation: You can fly. [Tengu growth]
  1602 | D:2      | Reached XP level 5. HP: 22/28 MP: 5/10
  1755 | D:2      | Found a faded altar of an unknown god.
  2027 | D:2      | Learned a level 2 spell: Swiftness
  2033 | D:2      | Learned a level 5 spell: Lightning Bolt
  2187 | D:2      | Reached skill level 6 in Air Magic
  2944 | D:4      | Noticed an ogre
  3298 | D:4      | Reached XP level 6. HP: 32/32 MP: 6/12
  3343 | D:4      | Found Udiviw's Armour Boutique.
  3388 | D:4      | Reached skill level 7 in Air Magic
  3782 | D:4      | Reached XP level 7. HP: 36/36 MP: 3/13
  3791 | D:4      | Found a glowing golden altar of the Shining One.
  4055 | D:4      | Found Teell's General Store.
  4135 | D:4      | Bought a scroll of identify for 24 gold pieces
  4135 | D:4      | Bought a scroll of identify for 24 gold pieces
  4135 | D:4      | Bought a potion of magic for 96 gold pieces
  4521 | D:5      | Entered Level 5 of the Dungeon
  4767 | D:5      | Reached skill level 8 in Air Magic
  5412 | D:5      | Reached skill level 5 in Conjurations
  5655 | D:6      | Reached XP level 8. HP: 42/42 MP: 7/16
  5662 | D:6      | Noticed Grinder
  5719 | D:6      | Killed Grinder
  5719 | D:6      | Reached skill level 5 in Spellcasting
  5719 | D:6      | Reached skill level 9 in Air Magic
  5857 | D:6      | Got a crude ivory ring
  5858 | D:6      | Identified the ring of the Firefly {rCorr +Fly} (You found it on level 6 of the Dungeon)
  6063 | D:6      | Found Xusaam's Weapon Shoppe.
  6619 | D:7      | Reached skill level 1 in Fighting
  6742 | D:7      | Found a staircase to the Ecumenical Temple.
  6748 | Temple   | Entered the Ecumenical Temple
  7027 | D:7      | Reached skill level 10 in Air Magic
  7141 | D:6      | Reached XP level 9. HP: 47/47 MP: 10/18
  7323 | D:7      | Got a heavily runed ring mail
  7334 | D:7      | Identified the +1 ring mail of Owku {+Blink Int+6 Dex-4} (You found it on level 7 of the Dungeon)
  7592 | D:7      | Found a blossoming altar of Fedhas.
  8444 | D:8      | Found a burning altar of Makhleb.
  8447 | D:8      | Noticed Erica
  8477 | D:8      | Killed from afar by Erica

Skill      XL: |  1  2  3  4  5  6  7  8  9 |
---------------+----------------------------+-----
Air Magic      | 5 6 7 8 10 | 10.5
Conjurations   | 2 3 4 5 6 |  6.9
Spellcasting   | 3 4 5 6 |  6.1
Fighting       | 1 |  1.3
Dodging        | 3 |  3.2
Stealth        | |  2.8
Evocations     | |  0.8

Action                   |  1- 3 |  4- 6 |  7- 9 || total
-------------------------+-------+-------+-------++-------
Melee: Unarmed           |    18 |     8 |     9 ||    35
       Kick              |     3 |       |     7 ||    10
       Peck              |       |       |     5 ||     5
       Staff             |       |       |    23 ||    23
 Cast: Shock             |    54 |   131 |   159 ||   344
       Lightning Bolt    |       |       |    12 ||    12
 Abil: Fly               |       |     1 |     6 ||     7
Evoke: Wand              |       |       |     2 ||     2
  Use: Scroll            |       |       |    11 ||    11
       Potion            |       |       |     8 ||     8
  Eat: Chunk             |     1 |     8 |     6 ||    15
       Bread ration      |       |       |     2 ||     2
       Meat ration       |       |       |     1 ||     1
Armor: Robe              |     3 |     4 |    13 ||    20
       Skin              |       |       |    11 ||    11
       Ring mail         |       |       |    12 ||    12
Dodge: Dodged            |     7 |    19 |    65 ||    91
Block: Other             |       |       |    14 ||    14
       Reflection        |       |       |     1 ||     1
